 Dungeon Crawl Stone Soup version 0.31.0-4-g52a2dc7128 (webtiles) character file.

Game seed: 2778905879610010590

357 Yore the Shield-Bearer (level 6, -2/39 HPs)
             Began as a Gargoyle Fighter on Jan 21, 2024.
             Slain by an orc
             ... wielding a +0 flail
              (6 damage)
             ... on level 4 of the Dungeon.
             The game lasted 00:06:05 (2496 turns).

Yore the Shield-Bearer (Gargoyle Fighter)           Turns: 2496, Time: 00:06:05

Health: -2/39      AC: 18    Str: 18 (19) XL:     6   Next: 64%
Magic:  6/6        EV:  7    Int:  8 (9)  God:
Gold:   89         SH:  9    Dex:  9 (11) Spells: 5/5 levels left

rFire   . . .        a - +0 flail
rCold   . . .        c - +0 buckler
rNeg    + . .        w - +0 chain mail
rPois   ∞            (no helmet)
rElec   +            e - +2 cloak
rCorr   .            (no gloves)
SInv    .            j - +0 pair of boots
Will    .....        n - amulet of reflection Stlth
                     (no ring)
HPRegen 0.26/turn    (no ring)
MPRegen 0.10/turn

%: reflection
@: no status effects
A: sickness immunity, AC +4, negative energy resistance 1, electricity
resistance, torment resistance 1, petrification resistance
a: no special abilities


You were on level 4 of the Dungeon.
You visited 1 branch of the dungeon, and saw 4 of its levels.

You collected 89 gold pieces.

Inventory:

Hand Weapons
 a - a +0 flail (weapon)
Missiles
 h - 18 stones (quivered)
Armour
 c - a +0 buckler (worn)
 e - a +2 cloak (worn)
 j - a +0 pair of boots (worn)
 w - a +0 chain mail (worn)
Jewellery
 n - an amulet of reflection (around neck)
Scrolls
 f - 2 scrolls of silence
 g - a scroll of fear
 i - a scroll of fog {unknown}
 l - a scroll of blinking
 m - a scroll of poison
 o - a scroll of revelation
 p - a scroll of amnesia
 s - a scroll of enchant armour
 u - 2 scrolls of teleportation {unknown}
Potions
 b - a potion of mutation
 d - a potion of might
 k - a potion of curing
 q - a potion of cancellation
 r - a potion of enlightenment


   Skills:
 * Level 4.4 Fighting
 * Level 4.4 Maces & Flails
 + Level 0.1 Throwing
 + Level 4.1 Armour
 + Level 1.3 Dodging
 + Level 0.9 Stealth
 + Level 4.5 Shields


You had 5 spell levels left.
You didn't know any spells.
Your spell library contained the following spells:

 Spells                   Type           Power      Damage    Failure   Level
 Apportation              Tloc           0%         N/A       99%         1
 Necrotise                Necr           0%         1d4       99%         1
 Sting                    Conj/Alch      0%         1d3       99%         1
 Summon Small Mammal      Summ           0%         N/A       99%         1
 Jinxbite                 Hex            0%         N/A       100%        2
 Call Canine Familiar     Summ           0%         N/A       100%        3
 Sigil of Binding         Hex            0%         N/A       100%        3
 Tukima's Dance           Hex            0%         N/A       100%        3
 Dimensional Bullseye     Hex/Tloc       0%         N/A       100%        4
 Iskenderun's Mystic Bla  Conj/Tloc      0%         2d3       100%        4
 Yara's Violent Unravell  Hex/Alch       0%         3d3       100%        5
 Enfeeble                 Hex            0%         N/A       100%        7


Dungeon Overview and Level Annotations

Branches:
Dungeon (4/15)
 Temple: D:4-7

Altars:
Qazlal


Innate Abilities, Weirdness & Mutations

You are immune to sickness and miasma.
Your stone body is resilient. (AC +4)
You are immune to poison.
You resist negative energy. (rN+)
You are resistant to electric shocks. (rElec)
You are resistant to unholy torment.
You are immune to petrification.


Message History

You hit the orc but do no damage.
The orc is heavily wounded.
You block the orc's attack. The orc barely misses you.
The orc hits you but does no damage.
You hit the orc.
You kill the orc!
You block the orc's attack. The orc hits you with a +0 flail.
The orc priest calls down the wrath of Beogh upon you.
Beogh smites you! You block the orc's attack.
The orc hits you but does no damage.
The orc priest looks braver for a moment.
You barely miss the orc priest. You block the orc priest's attack.
You hit the orc priest.
The orc priest is lightly wounded.
You block the orc's attack.
The orc priest hits you but does no damage.
You block the orc's attack.
You hit the orc priest but do no damage.
The orc priest is lightly wounded.
You block the orc's attack. The orc priest closely misses you.
The orc hits you with a +0 flail!
You barely miss the orc priest.
The orc priest is lightly wounded.
You block the orc's attack.
The orc priest hits you but does no damage.
You block the orc's attack.
You sock the orc priest!
The orc priest is severely wounded.
The orc priest barely misses you. The orc hits you with a +0 mace.
The orc barely misses you.
You hit the orc priest.
The orc priest is almost dead.
The orc hits you but does no damage.
The orc priest invokes the aid of Beogh against you.
Pain shoots through your body! You block the orc's attack. x2
The orc priest mumbles some strange prayers to Beogh against you.
Beogh smites you!
* * * LOW HITPOINT WARNING * * *
The orc hits you with a +0 flail.
You die...

### #...##
# ##..## ..
##..## ..#
##..## ....
##..##
#....
##..## #...
##..####..#
##......#
##..@..#
#.ooo##
#.)..# #
#....# #
......# ##
....#...#
.##
...#####..#
..## ...#
#... ...#
.... ##.


You could see an orc priest and 2 orcs.

Vanquished Creatures
  An ogre (D:4)
  A scorpion (D:4)
  A bombardier beetle (D:3)
  A hound (D:3)
  A jelly (D:4)
  Ijyb (D:3)
  2 adders
  2 dart slugs (D:2)
  3 ribbon worms
  3 orcs
  6 endoplasms
  3 giant cockroaches
  5 goblins
  4 hobgoblins
  6 quokkas
  5 ball pythons
  3 bats
  2 frilled lizards
  8 kobolds
  4 rats
62 creatures vanquished.

Notes
Turn   | Place    | Note
-------+----------+-------------------------------------------
     0 | D:1      | Yore the Gargoyle Fighter began the quest for the Orb.
     0 | D:1      | Reached XP level 1. HP: 14/14 MP: 1/1
   317 | D:1      | Reached XP level 2. HP: 14/19 MP: 2/2
   779 | D:1      | Reached XP level 3. HP: 23/24 MP: 3/3
   963 | D:2      | Reached XP level 4. HP: 28/29 MP: 4/4
  1236 | D:3      | Noticed Ijyb
  1259 | D:3      | Paralysed by Ijyb for 3 turns
  1265 | D:3      | Paralysed by Ijyb for 3 turns
  1284 | D:3      | Paralysed by Ijyb for 2 turns
  1297 | D:3      | Killed Ijyb
  1298 | D:3      | Reached skill level 1 in Dodging
  1417 | D:3      | Reached XP level 5. HP: 27/33 MP: 2/5
  2113 | D:4      | Noticed an ogre
  2227 | D:4      | Reached XP level 6. HP: 38/39 MP: 6/6
  2329 | D:4      | Noticed a fire elemental
  2330 | D:4      | Found a stormy altar of Qazlal.
  2331 | D:4      | Noticed a water elemental
  2331 | D:4      | Noticed an air elemental
  2496 | D:4      | Slain by an orc

Illustrated notes

Levels and vault maps discovered:
D:1:      lightli_arrival_chessboard, layout_basic, serial_curves,
          eino_curves_01, eino_curves_04
D:2:      layout_rooms, minmay_misc_feat_chi
D:3:      minmay_inner_zag, layout_basic, st_stairs_13, uniq_ijyb
D:4:      layout_layer_cave, nicolae_qazlal_style_of_elements, st_stairs_10

Skill      XL: |  1  2  3  4  5  6 |
---------------+-------------------+-----
Fighting       | 4 |  4.4
Dodging        | 1 |  1.3
Maces & Flails | 3 4 |  4.4
Shields        | 4 |  4.5
Armour         | 4 |  4.1
Throwing       | |  0.1
Stealth        | |  0.9

Action                     |  1- 3 |  4- 6 || total
---------------------------+-------+-------++-------
  Melee: Flail             |    99 |   170 ||   269
  Throw: Stone             |     2 |    15 ||    17
  Evoke: Wand              |       |     1 ||     1
    Use: Scroll            |       |    11 ||    11
         Potion            |       |     3 ||     3
   Stab: Paralysed         |       |     8 ||     8
 Armour: Scale mail        |   104 |    38 ||   142
         Chain mail        |       |    60 ||    60
  Dodge: Dodged            |    64 |    57 ||   121
  Block: Buckler           |    25 |    58 ||    83
         Reflection        |       |     1 ||     1
